SNL (28 & UNDER)
MONTGOMERY BISCUITS @ MEMPHIS BLUES
04/30/2024
 
TOP OF THE 1ST
Montgomery Biscuits batting - Pitching for Memphis Blues : RHP Francisco Arellano
Pitching: RHP Francisco Arellano
Batting: RHB Gabriel Miranda 0-0: Ball
1-0: Foul Ball, location: 2F
1-1: Ground out 5-3 (Groundball, 5)
Batting: RHB Manny Sánchez 0-0: Called Strike
0-1: Called Strike
0-2: Ball
1-2: Foul Ball, location: 2F
1-2: Ball
2-2: SINGLE (Groundball, 56)
Batting: SHB Andrew Curran 0-0: Ball
1-0: Called Strike
1-1: Ground out U3 (Groundball, 3S)
Manny Sánchez to second
Batting: RHB Pete Smith 0-0: Called Strike
0-1: Swinging Strike
0-2: Foul Ball, location: 2F
0-2: Ball
1-2: Fly out, F9 (Flyball, 9D)
Top of the 1st over - 0 run(s), 1 hit(s), 0 error(s), 1 left on base; Montgomery 0 - Memphis 0
BOTTOM OF THE 1ST
Memphis Blues batting - Pitching for Montgomery Biscuits : RHP Pedro Valdés
Pitching: RHP Pedro Valdés
Batting: RHB Jorge Domínguez 0-0: Called Strike
0-1: Ball
1-1: Called Strike
1-2: Ball
2-2: Foul Ball, location: 2F
2-2: Foul Ball, location: 2F
2-2: Foul Ball, location: 2F
2-2: Ball
3-2: Foul Ball, location: 2F
3-2: Base on Balls
Batting: RHB Dave Wookey 0-0: Ball
1-0: Called Strike
1-1: Ball
2-1: Called Strike
2-2: Ground out 5-3 (Groundball, 5S)
Jorge Domínguez to second
Batting: RHB Dale Taylor 0-0: Ball
1-0: Ball
Jorge Domínguez steals 3rd base
2-0: Swinging Strike
2-1: Foul Ball, location: 2F
2-2: SINGLE (Groundball, 5D)
Jorge Domínguez scores
Batting: RHB Bob Orr 0-0: Ball
1-0: Ball
2-0: Called Strike
2-1: Ball
3-1: Foul Ball, location: 2F
3-2: Foul Ball, location: 2F
3-2: SINGLE (Groundball, 34D) (infield hit)
Dale Taylor to second
Batting: LHB Arturo Rivera 0-0: Ball
1-0: Called Strike
1-1: Foul Ball, location: 2F
1-2: Strikes out swinging
Batting: RHB Sadao Kato 0-0: Ball
1-0: Fly out, F9 (Popup, 4D)
Bottom of the 1st over - 1 run(s), 2 hit(s), 0 error(s), 2 left on base; Montgomery 0 - Memphis 1
TOP OF THE 2ND
Montgomery Biscuits batting - Pitching for Memphis Blues : RHP Francisco Arellano
Batting: RHB Jean-Paul St-Pierre 0-0: Ball
1-0: Ball
2-0: Ball
3-0: Called Strike
3-1: Called Strike
3-2: Foul Ball, location: 2F
3-2: Base on Balls
Batting: RHB Dave Dawson 0-0: Ball
1-0: Ball
2-0: Called Strike
2-1: Ball
3-1: Base on Balls
Jean-Paul St-Pierre to second
Batting: RHB Vicente Carona 0-0: Ball
1-0: Foul Ball, location: 2F
1-1: Swinging Strike
1-2: SINGLE (Flyball, 4MD)
Jean-Paul St-Pierre to third
Dave Dawson to second
Batting: RHB Larry Mitchell 0-0: Called Strike
0-1: Swinging Strike
0-2: Foul Ball, location: 2F
0-2: Ball
1-2: Ball
2-2: Fly out, F8 (Flyball, 8RS)
Batting: RHB Collin Smith 0-0: Called Strike
0-1: Fly out, F8 (Flyball, 8LD)
Runner from 3rd tags up, SCORES, no throw
Batting: RHB Gabriel Miranda 0-0: Swinging Strike
0-1: Ball
1-1: Ball
2-1: Swinging Strike
2-2: SINGLE (Line Drive, 8LS)
Dave Dawson to third
Vicente Carona to second
Runner from 3rd tries for Home, SAFE, no throw or cutoff
Batting: RHB Manny Sánchez 0-0: Swinging Strike
0-1: Called Strike
0-2: Ground out 5-3 (Groundball, 5S)
Top of the 2nd over - 2 run(s), 2 hit(s), 0 error(s), 2 left on base; Montgomery 2 - Memphis 1
BOTTOM OF THE 2ND
Memphis Blues batting - Pitching for Montgomery Biscuits : RHP Pedro Valdés
Batting: RHB Glenn Johnson 0-0: Ball
1-0: Foul Ball, location: 2F
1-1: Foul Ball, location: 2F
1-2: Ball
2-2: Ball
3-2: Strikes out swinging
Batting: RHB Dave O'Neill 0-0: Ball
1-0: Foul Ball, location: 2F
1-1: Ball
2-1: Foul Ball, location: 2F
2-2: Strikes out looking
Batting: RHB Dale O'Feennaghty 0-0: Called Strike
0-1: Foul Ball, location: 2F
0-2: Ball
1-2: Strikes out looking
Bottom of the 2nd over - 0 run(s), 0 hit(s), 0 error(s), 0 left on base; Montgomery 2 - Memphis 1
TOP OF THE 3RD
Montgomery Biscuits batting - Pitching for Memphis Blues : RHP Francisco Arellano
Batting: SHB Andrew Curran 0-0: Ball
1-0: Called Strike
1-1: Ball
2-1: Ball
3-1: Foul Ball, location: 2F
3-2: Strikes out swinging
Batting: RHB Pete Smith 0-0: Called Strike
0-1: Foul Ball, location: 2F
0-2: Strikes out swinging
Batting: RHB Jean-Paul St-Pierre 0-0: Ball
1-0: Ball
2-0: Called Strike
2-1: Fly out, F4 (Popup, 3)
Top of the 3rd over - 0 run(s), 0 hit(s), 0 error(s), 0 left on base; Montgomery 2 - Memphis 1
BOTTOM OF THE 3RD
Memphis Blues batting - Pitching for Montgomery Biscuits : RHP Pedro Valdés
Batting: RHB Jorge Domínguez 0-0: Foul Ball, location: 2F
0-1: Ball
1-1: Swinging Strike
1-2: Foul Ball, location: 2F
1-2: Ball
2-2: Foul Ball, location: 2F
2-2: Foul Ball, location: 2F
2-2: Ball
3-2: Ground out 5-3 (Groundball, 5D)
Batting: RHB Dave Wookey 0-0: Called Strike
0-1: Ball
1-1: Foul Ball, location: 2F
1-2: Strikes out looking
Batting: RHB Dale Taylor 0-0: Ball
1-0: Ball
2-0: Ball
3-0: Base on Balls
Batting: RHB Bob Orr 0-0: Ball
1-0: Called Strike
1-1: Swinging Strike
1-2: Strikes out swinging
Bottom of the 3rd over - 0 run(s), 0 hit(s), 0 error(s), 1 left on base; Montgomery 2 - Memphis 1
TOP OF THE 4TH
Montgomery Biscuits batting - Pitching for Memphis Blues : RHP Francisco Arellano
Batting: RHB Dave Dawson 0-0: Ball
1-0: Called Strike
1-1: Ball
2-1: Foul Ball, location: 2F
2-2: Foul Ball, location: 2F
2-2: Foul Ball, location: 2F
2-2: Foul Ball, location: 2F
2-2: Fly out, F3 (Popup, 3SF)
Batting: RHB Vicente Carona 0-0: Ball
1-0: Ball
2-0: Called Strike
2-1: Swinging Strike
2-2: Ball
3-2: Foul Ball, location: 2F
3-2: Fly out, F8 (Flyball, 8LD)
Batting: RHB Larry Mitchell 0-0: Ball
1-0: SINGLE (Groundball, 6M)
Batting: RHB Collin Smith 0-0: Ball
1-0: Ball
2-0: Foul Ball, location: 2F
2-1: Ground out 6-3 (Groundball, 6)
Top of the 4th over - 0 run(s), 1 hit(s), 0 error(s), 1 left on base; Montgomery 2 - Memphis 1
BOTTOM OF THE 4TH
Memphis Blues batting - Pitching for Montgomery Biscuits : RHP Pedro Valdés
Batting: LHB Arturo Rivera 0-0: Ball
1-0: Ball
2-0: Fly out, F4 (Popup, 3DF)
Batting: RHB Sadao Kato 0-0: Reached on error, E3 (Groundball, 3S)
Batting: RHB Glenn Johnson 0-0: Called Strike
0-1: Ball
1-1: Foul Ball, location: 2F
1-2: Foul Ball, location: 2F
1-2: Strikes out swinging
Batting: RHB Dave O'Neill 0-0: Called Strike
0-1: Foul Ball, location: 2F
0-2: Ball
1-2: Ball
2-2: Ball
3-2: DOUBLE (Line Drive, 4MD)
Sadao Kato to third
Sadao Kato scores
Batting: RHB Dale O'Feennaghty 0-0: Ground out 5-3 (Groundball, 5S)
Bottom of the 4th over - 1 run(s), 1 hit(s), 1 error(s), 1 left on base; Montgomery 2 - Memphis 2
TOP OF THE 5TH
Montgomery Biscuits batting - Pitching for Memphis Blues : RHP Francisco Arellano
Batting: RHB Gabriel Miranda 0-0: Foul Ball, location: 2F
0-1: Ball
1-1: Ball
2-1: Fly out, F3 (Popup, 23F)
Batting: RHB Manny Sánchez 0-0: Called Strike
0-1: Ball
1-1: Foul Ball, location: 2F
1-2: Ground out 5-3 (Groundball, 5L)
Batting: SHB Andrew Curran 0-0: Swinging Strike
0-1: Swinging Strike
0-2: Ball
1-2: Strikes out swinging
Top of the 5th over - 0 run(s), 0 hit(s), 0 error(s), 0 left on base; Montgomery 2 - Memphis 2
BOTTOM OF THE 5TH
Memphis Blues batting - Pitching for Montgomery Biscuits : RHP Pedro Valdés
Batting: RHB Jorge Domínguez 0-0: Ball
1-0: Swinging Strike
1-1: Foul Ball, location: 2F
1-2: Foul Ball, location: 2F
1-2: Strikes out swinging
Batting: RHB Dave Wookey 0-0: Ball
1-0: Called Strike
1-1: SINGLE (Flyball, 8RS)
Batting: RHB Dale Taylor 0-0: Called Strike
0-1: Swinging Strike
0-2: Strikes out swinging
Pitching: RHP Ángel Ávila
Batting: RHB Bob Orr 0-0: SINGLE (Groundball, 4MD)
Dave Wookey to second
Batting: LHB Arturo Rivera 0-0: Swinging Strike
0-1: Foul Ball, location: 2F
0-2: Ball
1-2: Ground out 4-3 (Groundball, 4)
Bottom of the 5th over - 0 run(s), 2 hit(s), 0 error(s), 2 left on base; Montgomery 2 - Memphis 2
TOP OF THE 6TH
Montgomery Biscuits batting - Pitching for Memphis Blues : RHP Francisco Arellano
Pitching: RHP David Bates
Batting: RHB Pete Smith 0-0: Ball
1-0: Called Strike
1-1: Swinging Strike
1-2: SINGLE (Groundball, 4MD)
Batting: RHB Jean-Paul St-Pierre 0-0: Ball
1-0: SINGLE (Line Drive, 6M)
Pete Smith to second
Batting: RHB Dave Dawson 0-0: Ball
1-0: Fly out, F7 (Flyball, 7LMF)
Batting: RHB Vicente Carona 0-0: Foul Ball, location: 2F
0-1: Foul Ball, location: 2F
0-2: Ball
1-2: Ground out 5-3 (Groundball, 56S)
Pete Smith to third
Jean-Paul St-Pierre to second
Batting: RHB Larry Mitchell 0-0: Called Strike
0-1: Called Strike
0-2: Strikes out swinging
Top of the 6th over - 0 run(s), 2 hit(s), 0 error(s), 2 left on base; Montgomery 2 - Memphis 2
BOTTOM OF THE 6TH
Memphis Blues batting - Pitching for Montgomery Biscuits : RHP Ángel Ávila
Batting: RHB Sadao Kato 0-0: Ball
1-0: SINGLE (Line Drive, 7LS)
Batting: RHB Glenn Johnson 0-0: Ball
1-0: Called Strike
1-1: Ball
2-1: Ball
3-1: Base on Balls
Sadao Kato to second
Batting: RHB Dave O'Neill 0-0: Ball
1-0: Ball
2-0: Called Strike
2-1: Ball
3-1: Called Strike
3-2: Base on Balls
Sadao Kato to third
Glenn Johnson to second
Batting: RHB Dale O'Feennaghty 0-0: Ball
1-0: Ball
2-0: Ball
3-0: Called Strike
3-1: Foul Ball, location: 2F
3-2: Foul Ball, location: 2F
3-2: DOUBLE (Flyball, 78M)
Sadao Kato scores
Glenn Johnson scores
Dave O'Neill to third
Batting: RHB Jorge Domínguez 0-0: Ball
1-0: SINGLE (Line Drive, 9S)
Dave O'Neill scores
Dale O'Feennaghty to third
Runner from 3rd tries for Home, SAFE, throw made home
Jorge Domínguez to second
Pitching: LHP Steve Billington
Batting: RHB Dave Wookey 0-0: DOUBLE (Flyball, 7D)
Jorge Domínguez scores
Batting: RHB Dale Taylor 0-0: Called Strike
0-1: Ball
1-1: Swinging Strike
1-2: Strikes out swinging
Batting: RHB Bob Orr 0-0: SINGLE (Flyball, 4D)
Dave Wookey to third
Batting: LHB Arturo Rivera 0-0: Ball
1-0: Called Strike
1-1: Ball
2-1: SINGLE (Groundball, 34D)
Dave Wookey scores
Bob Orr to second
Runner from 2nd tries for 3rd, SAFE, throw made to third
Batting: RHB Sadao Kato 0-0: Ball
1-0: Ball
2-0: Called Strike
2-1: Foul Ball, location: 2F
2-2: Strikes out swinging
Batting: RHB Glenn Johnson 0-0: Called Strike
0-1: Ground out 4-3 (Groundball, 4)
Bottom of the 6th over - 6 run(s), 6 hit(s), 0 error(s), 2 left on base; Montgomery 2 - Memphis 8
TOP OF THE 7TH
Montgomery Biscuits batting - Pitching for Memphis Blues : RHP David Bates
Batting: RHB Collin Smith 0-0: Called Strike
0-1: Called Strike
0-2: Ball
1-2: Ball
2-2: Foul Ball, location: 2F
2-2: Foul Ball, location: 2F
2-2: Foul Ball, location: 2F
2-2: Fly out, F8 (Flyball, 8LM)
Batting: RHB Gabriel Miranda 0-0: Foul Ball, location: 2F
0-1: DOUBLE (Line Drive, 78S)
Batting: RHB Manny Sánchez 0-0: Ball
1-0: Ball
2-0: Ball
3-0: Called Strike
3-1: Foul Ball, location: 2F
3-2: Base on Balls
Batting: SHB Andrew Curran 0-0: Ball
1-0: Fielders Choice at 2nd, 4-6 (Groundball, 4M)
Gabriel Miranda to third
Batting: RHB Pete Smith 0-0: Called Strike
0-1: Ball
1-1: Reached on error, E5 (Groundball, 5S)
Gabriel Miranda scores
Andrew Curran to second
Batting: RHB Jean-Paul St-Pierre 0-0: Called Strike
0-1: Ball
1-1: Ball
2-1: Fly out, F8 (Flyball, 8RXD)
Top of the 7th over - 1 run(s), 1 hit(s), 1 error(s), 2 left on base; Montgomery 3 - Memphis 8
BOTTOM OF THE 7TH
Memphis Blues batting - Pitching for Montgomery Biscuits : LHP Steve Billington
Batting: RHB Dave O'Neill 0-0: Called Strike
0-1: Swinging Strike
0-2: Fly out, F8 (Flyball, 8RS)
Batting: RHB Dale O'Feennaghty 0-0: Ball
1-0: Ball
2-0: Called Strike
2-1: Called Strike
2-2: Strikes out looking
Batting: RHB Jorge Domínguez 0-0: Called Strike
0-1: Foul Ball, location: 2F
0-2: Ground out 1-3 (Groundball, 13S)
Bottom of the 7th over - 0 run(s), 0 hit(s), 0 error(s), 0 left on base; Montgomery 3 - Memphis 8
TOP OF THE 8TH
Montgomery Biscuits batting - Pitching for Memphis Blues : RHP David Bates
Pitching: RHP Jerry Poole
Now at 2B: Glenn Melican
Now at 3B: Leopoldo Horgan
Batting: RHB Dave Dawson 0-0: Ball
1-0: DOUBLE (Groundball, 3L)
Batting: RHB Vicente Carona 0-0: Ball
1-0: Ball
2-0: Ball
3-0: Base on Balls
Batting: RHB Larry Mitchell 0-0: Ball
1-0: Ball
2-0: Ball
3-0: Base on Balls
Dave Dawson to third
Vicente Carona to second
Batting: RHB Collin Smith 0-0: Fly out, F9 (Flyball, 89S)
Batting: RHB Gabriel Miranda 0-0: Ball
1-0: Ball
2-0: Called Strike
2-1: Called Strike
2-2: SINGLE (Flyball, 8RS)
Dave Dawson scores
Vicente Carona to third
Larry Mitchell to second
Runner from 3rd tries for Home, SAFE, throw made home
Larry Mitchell to third
Gabriel Miranda to second
Batting: RHB Manny Sánchez 0-0: Ball
1-0: Foul Ball, location: 2F
1-1: Ball
2-1: Ball
3-1: DOUBLE (Line Drive, 5D)
Larry Mitchell scores
Gabriel Miranda scores
Pitching: LHP Ramón Vázquez
Batting: SHB Andrew Curran 0-0: Ball
Wild Pitch!
Manny Sánchez to third
1-0: Called Strike
1-1: Ball
2-1: Foul Ball, location: 2F
2-2: Foul Ball, location: 2F
2-2: Strikes out looking
Pitching: RHP Rafael Ressureio
Pinch Hitting: SHB Terry O'Farrell 0-0: Swinging Strike
0-1: Called Strike
0-2: Ball
1-2: Ball
2-2: Ground out 4-3 (Groundball, 4)
Top of the 8th over - 4 run(s), 3 hit(s), 0 error(s), 1 left on base; Montgomery 7 - Memphis 8
BOTTOM OF THE 8TH
Memphis Blues batting - Pitching for Montgomery Biscuits : LHP Steve Billington
Pitching: LHP Gonzalo Martínez
Now in RF: Juan Díaz
Batting: RHB Dave Wookey 0-0: Ball
1-0: Fly out, F4 (Popup, 34D)
Batting: RHB Dale Taylor 0-0: Called Strike
0-1: Ball
1-1: Foul Ball, location: 2F
1-2: Ball
2-2: SINGLE (Groundball, 56)
Batting: RHB Bob Orr 0-0: Ball
1-0: Ball
2-0: Swinging Strike
2-1: Grounds into double play, 6-4-3 (Groundball, 6M)
Bottom of the 8th over - 0 run(s), 1 hit(s), 0 error(s), 0 left on base; Montgomery 7 - Memphis 8
TOP OF THE 9TH
Montgomery Biscuits batting - Pitching for Memphis Blues : RHP Rafael Ressureio
Pitching: RHP Tim Lyons
Now at SS: Lorenzo Mota
Batting: RHB Jean-Paul St-Pierre 0-0: Ball
1-0: Ball
2-0: Foul Ball, location: 2F
2-1: Foul Ball, location: 2F
2-2: SINGLE (Groundball, 56)
Batting: RHB Dave Dawson 0-0: Foul Ball, location: 2F
0-1: Ball
1-1: Ball
2-1: Called Strike
2-2: Foul Ball, location: 2F
2-2: Ball
3-2: Base on Balls
Jean-Paul St-Pierre to second
Batting: RHB Vicente Carona 0-0: Sac Bunt - play at first, batter OUT! 1-4
Jean-Paul St-Pierre to third
Dave Dawson to second
Batting: RHB Larry Mitchell 0-0: Ground out 6-3 (Groundball, 6M)
Pinch Hitting: LHB José Martínez 0-0: Called Strike
0-1: Ball
1-1: Foul Ball, location: 2F
1-2: Ball
2-2: Foul Ball, location: 2F
2-2: Strikes out swinging
Top of the 9th over - 0 run(s), 1 hit(s), 0 error(s), 2 left on base; Montgomery 7 - Memphis 8
This league is powered by Out of the Park Baseball, the baseball management simulation game for PC, Mac and Linux
Saturday, April 9th, 2016 - OOTP Baseball 16.8 Build 38